 Dungeon Crawl Stone Soup version 0.17.0-28-g6e173f8 (webtiles) character file.

840 Ijustatesigmund the Covert (level 8, -5/39 HPs)
             Began as a Vine Stalker Monk on Nov 26, 2015.
             Killed from afar by Nicoed's ghost (12 damage)
             ... with an orb of energy
             ... on level 5 of the Dungeon.
             The game lasted 00:15:10 (4870 turns).

Ijustatesigmund the Covert (Vine Stalker Monk)      Turns: 4870, Time: 00:15:10

Health: -5/39      AC:  5    Str: 15    XL:     8   Next: 0%
Magic:  0/9        EV: 12    Int: 12    God:
Gold:   159        SH:  0    Dex: 16    Spells: 0 memorised, 7 levels left

rFire  . . .     SeeInvis .       - Unarmed
rCold  . . .     Clarity  .     a - +0 robe
rNeg   . . .     SustAt   +     (no shield)
rPois  .         Gourm    .     o - +0 helmet
rElec  .         Spirit   +     D - +0 cloak (curse)
rCorr  .         Warding  .     g - +0 pair of gloves
rMut   .         Stasis   .     (no boots)
MR     +....                    (no amulet)
Stlth  +++++.....               k - ring of stealth
                                f - ring of sustain attributes

@: very slightly contaminated, drained, somewhat resistant to hostile
enchantments, quite stealthy
A: fangs 3, regeneration 2, magic shield, antimagic bite, no device heal 3, rot
immunity
a: no special abilities


You were on level 5 of the Dungeon.
You were not hungry.

You visited 1 branch of the dungeon, and saw 7 of its levels.

You collected 344 gold pieces.
You spent 185 gold pieces at shops.

Inventory:

Armour
 a - a +0 robe (worn)
 g - a +0 pair of gloves (worn)
 o - a +0 helmet (worn)
 u - a +0 buckler
 D - a cursed +0 cloak (worn)
Jewellery
 f - a ring of sustain attributes (left hand)
 k - a ring of stealth (right hand)
Wands
 n - a wand of frost (22)
 w - a wand of cold (5)
Scrolls
 e - 4 scrolls of remove curse
 h - a scroll of vulnerability {unknown}
 r - a scroll of identify
 v - 2 scrolls of enchant weapon
 y - a scroll of summoning {unknown}
 z - a scroll of fear
 C - a scroll of teleportation
Potions
 i - 2 potions of mutation {unknown}
 j - 6 potions of curing
 l - a potion of magic {unknown}
 m - a potion of cure mutation {unknown}
 p - 2 potions of agility {unknown}
 s - 2 potions of flight {unknown}
 t - 2 potions of lignification {unknown}
 x - a potion of cancellation {unknown}
 A - a potion of might
 B - 2 potions of brilliance
Comestibles
 b - 6 bread rations
 c - 2 meat rations
 d - 3 royal jellies


   Skills:
 - Level 2.6(2.0) Fighting
 - Level 2.4(1.8) Dodging
 + Level 8.3(7.6) Stealth
 + Level 7.4(6.7) Unarmed Combat


You had 7 spell levels left.
You didn't know any spells.

Dungeon Overview and Level Annotations

Branches:
Dungeon (7/15)             Temple (0/1) D:6

Altars:
Ashenzari
Dithmenos
Nemelex Xobeh
Okawaru
Ru
Trog
Vehumet

Shops:
D:4 !   D:5 }*

Annotations:
D:5 Nicoed's ghost, novice HECj
D:6 Dowan; Duvessa


Innate Abilities, Weirdness & Mutations

You have razor-sharp teeth.
You heal very quickly.
When hurt, damage is shared between your health and your magic reserves.
Your bite disrupts and absorbs the magic of your enemies.
Potions and wands cannot restore your health.
You are immune to rotting.


Message History

Your bite misses Nicoed's ghost.
Nicoed's ghost is moderately damaged.
Nicoed's ghost barely misses you.
You hit Nicoed's ghost.
Nicoed's ghost is moderately damaged.
Nicoed's ghost closely misses you.
You hit Nicoed's ghost. Your bite misses Nicoed's ghost.
Nicoed's ghost is moderately damaged.
Nicoed's ghost whispers, "It is all a dream - a grotesque and foolish dream."
Nicoed's ghost hits you but does no damage.
You hit Nicoed's ghost. Your punch misses Nicoed's ghost.
Your bite misses Nicoed's ghost.
Nicoed's ghost is heavily damaged.
Nicoed's ghost casts a spell at you. The orb of energy hits you!
Ouch! That really hurt!
* * * LOW HITPOINT WARNING * * *
Nicoed's ghost points at you and mumbles some strange words.
The orb of energy hits you!
You die...

#.......# #.....#....#..
#.......# #....†#....#..
#.......# #.....#....#..
#.......# #.....#....#..
#.......# #.....#....#..
#.......+ #.....#....'..
######.......#####.....##..###.
#.............(<..############.
#.............@...#.....#....#.
#.................'.....#....#.
#.............W...#.....#....#.
#.................#######....#.
#.......................#.<..'.
#.......................'....#.
#.....#######...........##'####
#.....#.....######...........#.
#.....'....... #...........#.


You could see Nicoed's ghost.

Vanquished Creatures
  A phantom (D:6)
  A black bear (D:5)
  The ghost of Nicoed the Ruffian, an amateur DrTm (D:3)
  A water moccasin skeleton (D:5)
  An orc priest (D:6)
  Crazy Yiuf (D:3)
  4 worker ants
  3 orc wizards
  An iguana (D:7)
  2 hound skeletons (D:7)
  4 gnolls (D:6)
  2 shadow imps (D:5)
  6 adders
  2 oozes
  3 worms
  20 orcs
  3 ball pythons
  8 bats
  3 giant cockroaches
  7 hobgoblins
  6 jackals
  9 kobolds
  4 quokkas
  2 giant geckos
  A giant gecko skeleton (D:6)
  5 giant newts
  4 goblins
  4 rats
109 creatures vanquished.

Notes
Turn   | Place    | Note
--------------------------------------------------------------
     0 | D:1      | Ijustatesigmund the Vine Stalker Monk began the quest for the Orb.
     0 | D:1      | Reached XP level 1. HP: 11/11 MP: 2/2
   135 | D:1      | Reached XP level 2. HP: 14/16 MP: 3/3
   862 | D:2      | Reached XP level 3. HP: 10/19 MP: 4/4
  1270 | D:2      | Found a sparkling altar of Nemelex Xobeh.
  1440 | D:2      | Reached XP level 4. HP: 23/23 MP: 5/5
  1617 | D:3      | Noticed Nicoed's ghost (amateur DrTm)
  1656 | D:4      | Found Bocin's Distillery.
  1661 | D:4      | Reached skill level 5 in Unarmed Combat
  1669 | D:4      | Bought a potion of curing for 30 gold pieces
  1669 | D:4      | Bought a potion of degeneration for 10 gold pieces
  1669 | D:4      | Bought a potion of poison for 10 gold pieces
  1929 | D:3      | Reached XP level 5. HP: 23/27 MP: 6/6
  2013 | D:4      | Found a radiant altar of Vehumet.
  2013 | D:4      | Found a sacrificial altar of Ru.
  2014 | D:4      | Found an iron altar of Okawaru.
  2016 | D:4      | Found a shadowy altar of Dithmenos.
  2016 | D:4      | Found a bloodstained altar of Trog.
  2030 | D:4      | Reached skill level 5 in Stealth
  2044 | D:4      | Found a shattered altar of Ashenzari.
  2319 | D:5      | Entered Level 5 of the Dungeon
  2615 | D:5      | Found Ybeatt's Gadget Shoppe.
  2654 | D:5      | Found Westryfad's General Store.
  2659 | D:5      | Bought a scroll of identify for 20 gold pieces
  2659 | D:5      | Bought a scroll of fear for 35 gold pieces
  2659 | D:5      | Bought a potion of might for 40 gold pieces
  2659 | D:5      | Bought a potion of brilliance for 40 gold pieces
  2687 | D:5      | Noticed a black bear
  2711 | D:5      | Killed a black bear
  2711 | D:5      | Reached skill level 6 in Stealth
  2711 | D:5      | Gained mutation: You heal very quickly. [Vine Stalker growth]
  2711 | D:5      | Reached XP level 6. HP: 11/32 MP: 5/7
  2791 | D:5      | Noticed Nicoed's ghost (novice HECj)
  3072 | D:6      | Noticed Dowan
  3084 | D:6      | Noticed Duvessa
  3311 | D:6      | Reached XP level 7. HP: 30/35 MP: 8/8
  3582 | D:7      | Reached skill level 7 in Stealth
  4462 | D:3      | Killed Nicoed's ghost
  4462 | D:3      | Reached skill level 8 in Stealth
  4779 | D:3      | Noticed Crazy Yiuf
  4790 | D:3      | Killed Crazy Yiuf
  4790 | D:3      | Gained mutation: You have razor-sharp teeth. [Vine Stalker growth]
  4790 | D:3      | Reached XP level 8. HP: 33/39 MP: 7/9
  4870 | D:5      | Killed from afar by Nicoed's ghost

Action                   |  1- 3 |  4- 6 |  7- 9 || total
-------------------------+-------+-------+-------++-------
Melee: Unarmed           |   138 |   195 |   128 ||   461
  Use: Scroll            |     6 |     4 |       ||    10
       Potion            |       |     1 |       ||     1
 Stab: Sleeping          |     3 |    11 |     7 ||    21
       Invisible         |       |     2 |       ||     2
       Distracted        |       |       |     1 ||     1
  Eat: Chunk             |     2 |     4 |     2 ||     8
       Pizza             |       |     1 |       ||     1
       Beef jerky        |       |       |     3 ||     3
